 Dungeon Crawl Stone Soup version 0.18.1-5-g4a78601 (webtiles) character file.

392 Charmandara the Chopper (level 6, -2/56 HPs)
             Began as a Hill Orc Chaos Knight on May 12, 2016.
             Killed from afar by an orc wizard (5 damage)
             ... with a magic dart
             ... on level 4 of the Dungeon.
             The game lasted 00:07:21 (3046 turns).

Charmandara the Chopper (Hill Orc Chaos Knight)     Turns: 3046, Time: 00:07:22

Health: -2/56      AC:  6    Str: 17    XL:     6   Next: 81%
Magic:  6/6        EV: 12    Int: 12    God:    Xom [....*.]
Gold:   123        SH:  0    Dex: 10    Spells: 0 memorised, 5 levels left

rFire  . . .     SeeInvis .     a - +0 hand axe (chaos)
rCold  . . .     Gourm    .     x - +2 leather armour
rNeg   . . .     Faith    .     (no shield)
rPois  .         Spirit   .     (no helmet)
rElec  .         Dismiss  .     (no cloak)
rCorr  .         Reflect  .     n - +0 pair of gloves
SustAt .         Harm     .     (no boots)
MR     .....                    (no amulet)
Stlth  +.........               (no ring)
                                (no ring)

@: very slightly contaminated, hasted, very quick, not resistant to hostile
enchantments, very unstealthy
A: no striking features
a: Renounce Religion


You were on level 4 of the Dungeon.
You worshipped Xom.
You were a beloved toy of Xom.
You were hungry.

You visited 1 branch of the dungeon, and saw 4 of its levels.

You collected 123 gold pieces.

Inventory:

Hand Weapons
 a - a +0 hand axe of chaos (weapon)
 b - a +0 blowgun
   (You took it off a kobold on level 3 of the Dungeon)
Missiles
 h - 127 stones
 j - 13 bolts
 k - 38 arrows
 l - 51 sling bullets
 p - 5 tomahawks (quivered)
 u - 44 poisoned needles
Armour
 n - a +0 pair of gloves (worn)
   (You found it on level 2 of the Dungeon)
 x - a +2 leather armour (worn)
Scrolls
 g - a scroll of teleportation {unknown}
 m - a scroll of fog {unknown}
 q - a scroll of recharging {unknown}
 s - a scroll of blinking {unknown}
 v - a scroll of amnesia {unknown}
 w - a scroll of remove curse
 y - a scroll of enchant weapon {unknown}
Potions
 e - a potion of flight
 i - a potion of mutation {!q}
 o - a potion of berserk rage {unknown}
Comestibles
 c - a bread ration {@e1}
 d - 2 meat rations {@e2}
 r - 7 fruits
 t - 2 beef jerkies


   Skills:
 + Level 5.4 Fighting
 * Level 7.3 Axes
 - Level 2.3 Armour
 + Level 2.7 Dodging


You had 5 spell levels left.
You didn't know any spells.

Dungeon Overview and Level Annotations

Branches:
Dungeon (4/15)
 Temple: D:4-7

Altars:
Cheibriados
Elyvilon
Fedhas
Okawaru
Pakellas
Trog
Xom
Yredelemnul


Message History

The hound barely misses you. The orc closely misses you. The orc hits you.
You take 3 damage, and have 47/56 hp. "This might be better!"
The orc seems to slow down.
The hound bites you but does no damage. The orc misses you.
The hound closely misses you.
You hit the hound. You closely miss the orc. The hound closely misses you.
The orc hits you but does no damage.
You barely miss the hound. You hit the orc. You burn the orc.
You kill the orc!
You hit the orc. x2; You freeze the orc.
The hound bites you. The orc misses you. The orc hits you but does no damage.
The orc closely misses you. The hound closely misses you.
You take 2 damage, and have 46/56 hp.
You barely miss the hound. You barely miss the orc. x2
The hound closely misses you. The orc closely misses you.
The orc misses you. x2
You hit the hound but do no damage. You hit the orc.
There is a sudden explosion of sparks!
You kill the orc!
You barely miss the orc.
You hit the orc wizard but do no damage.
The hound barely misses you. The orc wizard casts a spell at you.
The puff of flame hits you!
You take 3 damage, and have 43/56 hp.
You closely miss the hound.
Your leather armour prevents you from hitting the orc wizard.
You hit the orc.
You kill the orc!
The hound bites you. The orc barely misses you.
The orc wizard hits you but does no damage.
The hound misses you.
You closely miss the hound.
You hit the orc wizard but do no damage.
The orc wizard flickers and vanishes!
Deactivating autopickup; reactivate with Ctrl-A.
You hit the orc.
The orc is poisoned.
The hound barely misses you. The orc barely misses you. Something hits you.
You take 3 damage, and have 40/56 hp.
You hit something. You barely miss the orc. You hit the orc but do no damage.
You closely miss the hound. The hound bites you. The orc closely misses you.
You take 4 damage, and have 36/56 hp.
You hit the orc. You freeze the orc. You barely miss the orc.
You closely miss something. You closely miss the hound.
The hound bites you but does no damage. The orc closely misses you.
The hound bites you. The orc barely misses you. The orc closely misses you.
You take 2 damage, and have 34/56 hp.
You hit the orc but do no damage. You barely miss the hound.
You miss something. You hit the orc.
You kill the orc!
The hound bites you. The orc closely misses you. Something hits you.
The orc closely misses you.
You take 6 damage, and have 28/56 hp.
You slash the hound! You freeze the hound. You miss something.
You closely miss the orc. You hit the orc.
The orc flickers and vanishes!
Xom thinks this is hilarious!
The hound barely misses you. The orc hits you with a club.
The hound barely misses you. Something hits you.
You take 8 damage, and have 20/56 hp.
You miss the hound. You barely miss something. You closely miss the orc.
You closely miss something. The orc closely misses you.
The hound bites you but does no damage. The orc barely misses you.
Something hits you. x2
You take 2 damage, and have 18/56 hp.
You miss the hound. You closely miss something. You slash the orc!
You kill the orc!
You miss something. The hound bites you.
* * * LOW HITPOINT WARNING * * *
The orc hits you but does no damage.
You take 2 damage, and have 16/56 hp.
Unknown command.
You barely miss the hound. You hit something but do no damage.
You closely miss something. The hound bites you but does no damage.
You hear some strange, mumbled words.
A puff of flame appears from out of thin air!
The puff of flame hits you!
* * * LOW HITPOINT WARNING * * *
The orc hits you from afar with a trident.
* * * LOW HITPOINT WARNING * * *
Something hits you.
* * * LOW HITPOINT WARNING * * *
The hound barely misses you.
You take 8 damage, and have 8/56 hp.
Unknown command.
Something hits you but does no damage.
Unknown command.
Drink which item? (? for menu, Esc to quit)
You feel yourself speed up. The hound bites you.
* * * LOW HITPOINT WARNING * * *
The orc hits you from afar with a trident.
* * * LOW HITPOINT WARNING * * *
The hound bites you but does no damage.
You are very lightly contaminated with residual magic.
You take 5 damage, and have 3/56 hp.
Unknown command.
Unknown command.
Something hits you but does no damage.
A magic dart appears from out of thin air!
The magic dart hits you!
You die...

#....... #.....# ##....#
##.....## .# ########)).....##
#.# ##..>...w)o###...# #.#
##........{h# ##..##
#.###......<....## ##..###
#............@...# #....#####
##................####........
##..........####.............#
.##...........# #........#####
...............# #.......##
#..........#...# ##.....##
..........###..# ##...###
.####.....##..## #..>##
#.....#..# #..##


You could see a worm, a hound and an orc.

Vanquished Creatures
  An ice beast (D:3)
  An ogre (D:4)
  2 orc wizards (D:3)
  7 adders
  An ooze (D:3)
  2 worms
  A dart slug (D:3)
  A giant gecko (D:4)
  12 orcs
  16 bats
  2 giant cockroaches
  5 goblins
  4 hobgoblins
  8 jackals
  7 kobolds
  2 quokkas
  A ball python (D:2)
  A giant newt (D:2)
  9 rats
83 creatures vanquished.

Notes
Turn   | Place    | Note
--------------------------------------------------------------
     0 | D:1      | Charmandara the Hill Orc Chaos Knight began the quest for the Orb.
     0 | D:1      | Reached XP level 1. HP: 19/19 MP: 1/1
   155 | D:1      | Reached XP level 2. HP: 22/27 MP: 2/2
   173 | D:1      | Reached skill level 1 in Dodging
   261 | D:1      | XOM: divination: magic mapping
   862 | D:1      | XOM: harmless Divn miscast
   882 | D:1      | You fall through a shaft!
   888 | D:2      | Reached XP level 3. HP: 31/33 MP: 3/3
  1001 | D:2      | Reached skill level 4 in Fighting
  1032 | D:2      | XOM: harmless Chrm miscast
  1060 | D:2      | Reached skill level 5 in Axes
  1344 | D:2      | Reached XP level 4. HP: 34/40 MP: 4/4
  1847 | D:3      | Found a faded altar to an unknown god.
  1892 | D:3      | Found a snail-covered altar of Cheibriados.
  2132 | D:3      | XOM: swap monsters
  2135 | D:3      | XOM: swap monsters
  2142 | D:3      | Reached XP level 5. HP: 43/47 MP: 5/5
  2155 | D:3      | Reached skill level 6 in Axes
  2243 | D:3      | Found a basalt altar of Yredelemnul.
  2286 | D:3      | Found an iron altar of Okawaru.
  2367 | D:3      | Reached skill level 5 in Fighting
  2367 | D:3      | Reached skill level 2 in Dodging
  2386 | D:3      | Noticed an ice beast
  2391 | D:3      | XOM: potion effect (brilliance)
  2544 | D:3      | XOM: scenery: create altars
  2671 | D:3      | Found a blossoming altar of Fedhas.
  2726 | D:3      | Killed an ice beast
  2726 | D:3      | Reached XP level 6. HP: 56/56 MP: 6/6
  2756 | D:3      | Found a bloodstained altar of Trog.
  2761 | D:3      | Found an oddly glowing altar of Pakellas.
  2763 | D:3      | Found a white marble altar of Elyvilon.
  2846 | D:3      | XOM: vitrification
  2982 | D:4      | Reached skill level 7 in Axes
  3029 | D:4      | XOM: enchant monster (good)
  3042 | D:4      | HP: 12/56 [something/puff of flame (4)]
  3044 | D:4      | HP: 5/56 [hound (3)]
  3046 | D:4      | Killed from afar by an orc wizard

Skill      XL: |  1  2  3  4  5  6 |
---------------+-------------------+-----
Dodging        | 1 2 |  2.7
Fighting       | 4 5 |  5.4
Axes           | 5 6 7 |  7.3
Armour         | |  2.3

Action                   |  1- 3 |  4- 6 || total
-------------------------+-------+-------++-------
Melee: Hand axe          |    84 |   154 ||   238
 Fire: Blowgun           |       |     1 ||     1
Throw: Stone             |     1 |       ||     1
       Tomahawk          |       |     8 ||     8
  Use: Scroll            |     1 |     3 ||     4
       Potion            |       |     1 ||     1
 Stab: Sleeping          |     1 |       ||     1
       Petrifying        |     1 |     1 ||     2
       Petrified         |     1 |       ||     1
       Paralysed         |       |     9 ||     9
       Confused          |       |     2 ||     2
  Eat: Chunk             |     1 |     5 ||     6
Armor: Leather armour    |    33 |    67 ||   100
Dodge: Dodged            |    59 |   104 ||   163

Vault maps used:
D:1:      mainiacjoe_arrival_reflecting_pool, serial_co_window_serial,
          co_window_of_opportunity_a, co_window_corner_a,
          co_window_of_opportunity_a, co_window_corner_a, co_window_paths_b,
          co_window_paths_a, co_window_corner_a, co_window_corner_b,
          co_window_broadway_a, co_window_broadway_b, glass_columns_b,
          glass_columns_a, glass_columns_b, glass_columns_a
D:3:      kennysheep_okawaru_gauntlet, overflow_temple_1_default,
          grunt_temple_overflow_diamond, fedhas_altar_fruit_tree,
          lemuel_doored_altar, ecumenical_altar_1, kennysheep_generic_room_3
D:4:      uniq_sigmund, uniq_blork_the_orc

Table legend:
 A = Turns spent in this place as a percentage of turns spent in the entire game.
 B = Non-inter-level travel turns spent in this place as a percentage of non-inter-level travel turns spent in the entire game.
 C = Inter-level travel turns spent in this place as a percentage of turns spent in this place.
 D = Turns resting spent in this place as a percentage of non-inter-level travel turns spent in this place.
 E = Turns spent auto-exploring this place as a percentage of non-inter-level travel turns spent in this place.
 F = Non-inter-level travel turns spent in this place divided by the number of levels of this place that you've seen.
                   A       B       C       D       E      F
               +-------+-------+-------+-------+-------+----------------------
         Total | 100.0 | 100.0 |   0.7 |   1.9 |  12.8 | 185.8
       Dungeon | 100.0 | 100.0 |   0.7 |   1.9 |  12.8 | 185.8
               +-------+-------+-------+-------+-------+----------------------

Table legend:
 A = Kills in this place as a percentage of kills in entire the game.
 B = Kills by you in this place as a percentage of kills by you in the entire game.
 C = Kills by friends in this place as a percentage of kills by friends in the entire game.
 D = Other kills in this place as a percentage of other kills in the entire game.
 E = Experience gained in this place as a percentage of experience gained in the entire game.
 F = Experience gained in this place divided by the number of levels of this place that you have seen.
                   A       B       C       D       E      F
               +-------+-------+-------+-------+-------+----------------------
         Total | 100.0 | 100.0 |  -nan | 100.0 | 100.0 | 140.2
       Dungeon | 100.0 | 100.0 |  -nan | 100.0 | 100.0 | 140.2
               +-------+-------+-------+-------+-------+----------------------
